[Event "*** Titled Tuesday Blitz"]
[Site "Chess.com"]
[Date "2021.02.02"]
[Round "10"]
[White "kleopl"]
[Black "AsaHoffmann"]
[Result "0-1"]
[WhiteElo "2488"]
[BlackElo "2371"]
[TimeControl "180+1"]
[EndTime "11:57:51 PST"]
[Termination "AsaHoffmann won by checkmate"]

1. e4 d6 2. d4 Nf6 3. Nc3 c6 4. f3 Nbd7 5. Be3 e5 6. Nge2 Be7 7. Qd2 b5 8. O-O-O Qa5 9. a3 Rb8 10. Kb1 b4 11. Na2 c5 12. dxe5 Nxe5 13. Nec1 Be6 14. Bf4 O-O 15. Be2 Ng6 16. Bg3 Nh5 17. f4 Nxg3 18. hxg3 Bf6 19. f5 Bxa2+ 20. Nxa2 Ne5 21. g4 h6 22. g3 Rfd8 23. Rh5 Nc6 24. Bc4 bxa3 25. b3 Qxd2 26. Rxd2 Ne5 27. Bd5 Nxg4 28.
Rh1 Ne5 29. Rg1 c4 30. Rf2 Ng4 31. Re2 Ne5 32. g4 cxb3 33. cxb3 a5 34. Nc1 a4 35. Ka2 axb3+ 36. Nxb3 Nd3 37. Rd1 Nb4+ 38. Kxa3 Nxd5 39. Rxd5 Be5 40. Red2 Ra8+ 41. Kb4 Rdb8+ 42. Rb5 Rxb5+ 43.
Kxb5 Rb8+ 44. Kc4 g6 45. Na5 Kg7 46. Nc6 Rc8 47. Kd5 Bf4 48. Rf2 g5 49. Rf1 h5 50.
gxh5 Kh6 51. Rh1 g4 52. f6 g3 53. Ne7 Rc2 54. Nf5+ Kh7 55. h6 g2 56. Rg1 Bh2 57.
Rxg2 Rxg2 58. e5 Rd2+ 59. Kc6 dxe5 60. Ne3 Bf4 61. Ng4 Kg6 62. Kc5 e4 63. Kc4 e3 64.
Kc3 Rd6 65. h7 Kxh7 66. Nxe3 Bxe3 67. Kc4 Rxf6 68. Kc3 Rd6 69. Kc4 Kg6 70. Kc3 Kf5 71.
Kc2 Ke4 72. Kc3 Rc6+ 73. Kb4 Kd5 74. Kb5 Rb6+ 75. Ka5 Kc4 76. Ka4 Ra6# 0-1

[Event "*** Titled Tuesday Blitz"]
[Site "Chess.com"]
[Date "2021.02.02"]
[Round "10"]
[White "KononenkoD"]
[Black "leoduarte"]
[Result "0-1"]
[WhiteElo "2518"]
[BlackElo "2387"]
[TimeControl "180+1"]
[EndTime "11:57:52 PST"]
[Termination "leoduarte won on time"]

1. d4 d5 2. c4 c6 3. cxd5 cxd5 4. Bf4 Nc6 5. e3 Nf6 6. Nc3 Bf5 7. Qb3 Na5 8. Qa4+ Bd7 9. Qc2 e6 10. Bd3 Rc8 11.
Nge2 Be7 12. O-O O-O 13. h3 h6 14. Rac1 a6 15. Ng3 Nc4 16. Qe2 Bb4 17. Bb1 Qe7 18. Be5 Rfd8 19. f4 Bc6 20. f5 Bxc3 21. Rxc3 Bb5 22. Bxf6 Qxf6 23. Nh5 Qg5 24. h4 Nxe3 25.
hxg5 Bxe2 26. Rxe3 Bxf1 27. Kxf1 Rc1+ 28. Re1 Rdc8 29.
Bd3 hxg5 30. Ng3 Rxe1+ 31. Kxe1 Rc1+ 32. Kf2 Ra1 33. fxe6 fxe6 34. a3 Ra2 35. Ne2 Rxb2 36. Ke3 Rb3 37. Ng1 Rxa3 38. Nf3 g4 39. Ng5 g3 40. Nxe6 Ra2 41. Nf4 a5 42. Kf3 a4 43.
Nxd5 Rd2 44. Bc4 Rxd4 45. Ba2 Kf8 46. Kxg3 b5 47. Nc3 Rd3+ 48. Kf4 Rxc3 49. Ke5 b4 50. Kd4 Rc2 51. Bb1 Rxg2 52. Kc4 b3 53. Kb4 b2 54. Ka3 Ke7 55. Ka2 Kd6 56. Be4 Rf2 57. Bg6 Kc5 58. Be8 g5 59. Bxa4 g4 60. Bd1 g3 61. Bg4 g2 62.
Be6 b1=Q+ 0-1

[Event "*** Titled Tuesday Blitz"]
[Site "Chess.com"]
[Date "2021.02.02"]
[Round "10"]
[White "CSB7"]
[Black "GM_LOADING"]
[Result "1/2-1/2"]
[WhiteElo "2581"]
[BlackElo "2471"]
[TimeControl "180+1"]
[EndTime "11:57:56 PST"]
[Termination "Game drawn by stalemate"]

1. e4 e5 2. f4 exf4 3. Nf3 d5 4.
exd5 Nf6 5. Bb5+ Nbd7 6. c4 Bd6 7. O-O O-O 8. d4 a6 9. Bxd7 Bxd7 10. Nc3 Re8 11.
a4 Ne4 12. c5 Bf8 13. Bxf4 Bf5 14. Qb3 Rb8 15. Ne5 f6 16. d6+ Be6 17. Qc2 fxe5 18. d5 Nxc3 19. dxe6 Rxe6 20. Qxc3 cxd6 21. Be3 d5 22. Rad1 d4 23. Qc4 Qe8 24. Bg5 Rc8 25.
b4 Kh8 26. Rfe1 a5 27. Rxd4 axb4 28. Rd5 e4 29. Kh1 Re5 30. Rxe5 Qxe5 31. Be3 Qc3 32. Qxc3 bxc3 33. Rc1 Rd8 34. Kg1 Rd3 35. Kf2 Be7 36.
Rc2 Bf6 37. Ke2 Rd5 38. Rc1 Rd8 39. Rb1 Rd7 40. c6 bxc6 41. Rb8+ Rd8 42. Rb6 h6 43.
Rxc6 Ra8 44. Rc4 Ra6 45. Rxe4 c2 46. Rc4 Re6 47. Kd3 Rxe3+ 48. Kxe3 c1=Q+ 49. Rxc1 Bg5+ 50. Kd4 Bxc1 51. a5 Bf4 52. g3 Bb8 53. a6 Ba7+ 54. Ke4 Kh7 55. g4 Kg6 56. h4 Kf6 57. Kf4 g6 58.
Ke4 Ke6 59. Kf4 Kd5 60. h5 gxh5 61. gxh5 Ke6 62. Kg4 Ke5 63. Kh3 Kf5 64. Kg2 Kg4 65. Kh1 Kxh5 66. Kg2 Kg4 67. Kh1 Kf5 68. Kg2 Ke6 69. Kh3 Kf5 70. Kg2 Kg4 71. Kh1 Kg3 1/2-1/2

[Event "*** Titled Tuesday Blitz"]
[Site "Chess.com"]
[Date "2021.02.02"]
[Round "10"]
[White "vovachesss"]
[Black "Oleksandr_Bortnyk"]
[Result "0-1"]
[WhiteElo "2743"]
[BlackElo "2901"]
[TimeControl "180+1"]
[EndTime "11:57:57 PST"]
[Termination "Oleksandr_Bortnyk won on time"]

1. Nf3 Nf6 2. b3 b6 3. Bb2 Bb7 4. g3 d6 5. Bg2 e5 6. O-O Nbd7 7. c4 Be7 8. d4 exd4 9. Nxd4 Bxg2 10. Kxg2 O-O 11. Nc6 Qe8 12. Nc3 Nc5 13. Nd4 Qd7 14.
Qc2 Rfe8 15. b4 Ne6 16. Nf5 Qc6+ 17. Kg1 Qxc4 18. a3 Nd5 19. Rac1 Nxc3 20. Bxc3 Bf8 21.
Qd2 Qe4 22. Ne3 Ng5 23. Ng2 Nh3+ 24. Kh1 Qxe2 25. Qd4 Re4 26. Qd5 Rae8 27. Qf5 Qg4 28. Qxg4 Rxg4 29. Ne3 Rge4 30. Nd5 c6 31. Nc7 R8e7 32.
Na6 Re2 33. Bd4 c5 34. Be3 g6 35. Nb8 Bg7 36. Nc6 Rc7 37. b5 h6 38. Rcd1 Rd7 39.
Nb8 Rb7 40. Nc6 Bf8 41. Kg2 Ng5 42. Bf4 Rb2 43. Bxd6 Bxd6 44. Rxd6 Rxb5 45. Re1 Ne6 46. Ne5 Nd4 47. Nd7 Ne6 48. Ne5 Kg7 49. Nxf7 Rxf7 50. Rexe6 g5 51. Rg6+ Kf8 52. Rxh6 Rb2 53. Rhf6 c4 54.
Rc6 b5 55. Rxf7+ Kxf7 56. Rc5 a5 57. a4 b4 58. Rxc4 Ra2 59. Rc5 Rxa4 60. Rb5 Ra2 61.
Kf3 Ra3+ 62. Kg4 b3 63. Kxg5 a4 64. h4 Ra2 65. h5 Rxf2 66. Rb4 b2 67. h6 a3 68. Rb7+ Ke6 69. h7 Rh2 70. Kg6 Rxh7 71. Kxh7 a2 72. Rxb2 a1=Q 73. Rb7 Qh1+ 74. Kg7 Qxb7+ 0-1

[Event "*** Titled Tuesday Blitz"]
[Site "Chess.com"]
[Date "2021.02.02"]
[Round "10"]
[White "CalinGheorghiu"]
[Black "Gerodot71"]
[Result "0-1"]
[WhiteElo "2273"]
[BlackElo "2470"]
[TimeControl "180+1"]
[EndTime "11:57:57 PST"]
[Termination "Gerodot71 won by checkmate"]

1. e4 e5 2. Nf3 Nc6 3. Bb5 a6 4. Ba4 Nf6 5. d3 b5 6. Bb3 Bc5 7. c3 d6 8. O-O O-O 9. Nbd2 Bb6 10. h3 Ne7 11. Re1 Ng6 12. Nf1 Be6 13. d4 Qe7 14.
Ng3 Rad8 15. Nf5 Qd7 16. dxe5 Nxe5 17. Nxe5 dxe5 18. Qxd7 Rxd7 19. Bg5 Nxe4 20. Ne7+ Kh8 21. Bxe6 fxe6 22. Rxe4 Rxf2 23. Kh1 h6 24. Ng6+ Kh7 25. Nxe5 Rd5 26. Bh4 Rxb2 27. Rf1 Rxa2 28. Rf7 Kg8 29. Rg4 g5 30. Bxg5 Rxe5 31. Bf6+ Kxf7 32. Bxe5 a5 33.
Rg7+ Kf8 34. Rh7 a4 35. Bxc7 Bxc7 36. Rxc7 Rb2 37. Kh2 a3 38. Ra7 a2 39. Kg3 Ke8 40. Kf3 Kd8 41. g4 Kc8 42. Ke4 Kb8 43. Ra3 Kb7 44. Ke5 Kb6 45. Kxe6 Kc5 46. Kf6 b4 47.
cxb4+ Kxb4 48. Ra8 Kb3 49. Kg6 Rh2 50. Kxh6 Rxh3+ 51.
Kg6 Kb2 52. g5 Ra3 53. Rb8+ Kc2 54. Rc8+ Kd2 55. Rd8+ Ke2 56. Re8+ Kf2 57. Rf8+ Kg3 58. Rf1 a1=Q 59. Rxa1 Rxa1 60. Kf7 Kf4 61. g6 Ra7+ 62. Kf6 Ra6+ 63. Kf7 Kf5 64. g7 Ra7+ 65. Kf8 Kf6 66.
g8=Q Ra8# 0-1

[Event "*** Titled Tuesday Blitz"]
[Site "Chess.com"]
[Date "2021.02.02"]
[Round "10"]
[White "Carnivoras"]
[Black "Unknown_IM"]
[Result "1-0"]
[WhiteElo "2570"]
[BlackElo "2375"]
[TimeControl "180+1"]
[EndTime "11:57:58 PST"]
[Termination "Carnivoras won by checkmate"]

1. d4 Nf6 2. c4 c5 3. d5 b5 4. cxb5 a6 5. bxa6 Bxa6 6. Nc3 d6 7. e4 Bxf1 8. Kxf1 g6 9. g3 Bg7 10. Kg2 O-O 11. Nf3 Nbd7 12. h3 Qa5 13.
Re1 Rfb8 14. Re2 h6 15. Qc2 Ne8 16. Rb1 Nc7 17. Bd2 Qa6 18. a3 Nb5 19. Nxb5 Qxb5 20. Be1 Nb6 21. b4 Na4 22. Rc1 Rc8 23. Re3 Nb6 24.
Qb1 cxb4 25. Rxc8+ Rxc8 26. Qxb4 Qxb4 27. Bxb4 Rc1 28.
Re1 Rc2 29. Rd1 Nc4 30. Nd4 Ra2 31. Rd3 Ne5 32. Rd1 Nc4 33. Rd3 Ne5 34. Rc3 Ng4 35. Rc8+ Kh7 36. Rc2 Ra1 37. Nc6 Nf6 38. Re2 Bf8 39.
Kf3 g5 40. Rc2 Kg6 41. Nd4 Bg7 42. Nf5 Bf8 43. Rc8 Nd7 44. Rd8 Ne5+ 45. Kg2 Bg7 46. Nxe7+ Kh7 47. Nf5 Bh8 48. Bxd6 Nd3 49. Rd7 Ra2 50.
Rxf7+ Kg6 51. Rf8 Rxf2+ 52. Kg1 Bf6 53. e5 Rxf5 54. Rxf6+ Rxf6 55. exf6 Kxf6 56. Bb4 Ke5 57. d6 Ke6 58. Kg2 h5 59. Kf3 Ne5+ 60. Ke4 Nd7 61.
a4 Nf6+ 62. Kd4 Nd5 63. Bc5 h4 64. gxh4 gxh4 65. a5 Nf4 66. a6 Nxh3 67. a7 Ng5 68. a8=Q h3 69. Qd5+ Kd7 70. Qxg5 h2 71. Qe7+ Kc6 72. Qc7+ Kb5 73. Qb7+ Ka4 74. Qh1 Ka5 75. d7 Ka6 76. d8=Q Kb5 77. Qb6+ Ka4 78. Qa1# 1-0

[Event "*** Titled Tuesday Blitz"]
[Site "Chess.com"]
[Date "2021.02.02"]
[Round "10"]
[White "szefru"]
[Black "Iskusnyh"]
[Result "0-1"]
[WhiteElo "2250"]
[BlackElo "2591"]
[TimeControl "180+1"]
[EndTime "11:58:12 PST"]
[Termination "Iskusnyh won by checkmate"]

1. e4 e6 2. d4 d5 3. Nd2 c5 4. exd5 exd5 5. Bb5+ Nc6 6. Qe2+ Be7 7. Ngf3 Nf6 8. O-O O-O 9. dxc5 Bxc5 10. Nb3 Bb6 11. Bg5 h6 12. Bh4 Bg4 13. a3 g5 14. Bg3 Ne4 15.
Qd3 Nxg3 16. hxg3 Qd6 17. Kh2 Rad8 18. Rad1 Qf6 19. c3 Ne5 20. Nxe5 Bxd1 21. Qxd1 Qxe5 22.
Bd3 d4 23. c4 Rfe8 24. Qh5 Kg7 25. Nd2 Bc7 26. Nf3 Qf6 27. Qg4 Kf8 28. Kg1 Re7 29.
Rd1 a5 30. Bb1 d3 31. Bxd3 Qxb2 32. Qf5 Qg7 33. Rb1 Bd6 34. Qxa5 Rde8 35. Bf1 Qf6 36. c5 Bb8 37. Qb5 Qc6 38. Qb4 Kg7 39. Nd4 Qd5 40.
Qc3 Be5 41. Nf5+ Kf6 42. Nxe7 Rxe7 43. Qe3 Bd4 44. Qf3+ Qxf3 45. gxf3 Bxc5 46. a4 b6 47. Kg2 Rd7 48. Rb2 Rd4 49. Bb5 h5 50. Rc2 Rd5 51. Re2 h4 52. gxh4 gxh4 53. Kh3 Kg5 54. Re4 Bxf2 55.
Rg4+ Kf6 56. Rf4+ Ke7 57. Bc4 Ra5 58. Rxf7+ Kd6 59. Bb3 Rc5 60. Rf6+ Kc7 61. Rh6 Rc3 62. Bd5 Rd3 63. Be4 Rd4 64. Rh7+ Kd8 65. Bc6 Rc4 66.
Bb5 Rc3 67. Kg4 Rb3 68. Rh8+ Ke7 69. Rh7+ Kd6 70. Rd7+ Ke5 71. Rd2 Rb4+ 72. Kh3 Bc5 73. Re2+ Kf4 74. Bc6 Rb1 75. Re4+ Kf5 76. Kxh4 Rg1 77.
Kh3 Bd6 78. Re8 Rg3+ 79. Kh4 Rg2 80. Kh3 Rh2# 0-1

[Event "*** Titled Tuesday Blitz"]
[Site "Chess.com"]
[Date "2021.02.02"]
[Round "10"]
[White "Forantes"]
[Black "Chimpinha"]
[Result "1/2-1/2"]
[WhiteElo "2296"]
[BlackElo "2393"]
[TimeControl "180+1"]
[EndTime "11:58:25 PST"]
[Termination "Game drawn by repetition"]

1. d4 Nf6 2. Nf3 g6 3. g3 Bg7 4. Bg2 O-O 5. O-O d6 6. c4 Nbd7 7. Nc3 e5 8. e4 exd4 9. Nxd4 Re8 10. Nc2 Nc5 11. Re1 Ng4 12. f4 f5 13. h3 Nf6 14. e5 Nh5 15. Kh2 dxe5 16. Bd5+ Be6 17. Be3 Ne4 18. Bxe4 fxe4 19. Nxe4 exf4 20. Bxf4 Nxf4 21.
gxf4 Bxc4 22. Qf3 Qd3 23. Qg2 Rad8 24. Rad1 Qxd1 25. Rxd1 Rxd1 26. Ne3 Rd4 27. Nxc4 Rdxe4 28. Ne5 Rd4 29. Qc2 Bxe5 30. fxe5 Rxe5 31. Qxc7 Rd2+ 32.
Kg3 Rde2 33. Qb8+ Re8 34. Qxb7 R2e7 35. Qd5+ Kg7 36. Qd4+ Kf8 37. Qf6+ Rf7 38. Qh8+ Ke7 39. Qe5+ Kd7 40. Qd4+ Ke7 41. Qe5+ Kd8 42. Qd5+ Rd7 43. Qa8+ Ke7 44. Qe4+ Kf7 45. Qc4+ Kg7 46. Qc3+ Kg8 47.
Qc4+ Rf7 48. h4 Rf8 49. h5 gxh5 50. Kh4 Kg7 51. Qd4+ Kg6 52. Qg1+ Kf6 53. Qg5+ Ke6 54. Qxh5 Rf4+ 55. Kg3 Rf3+ 56. Kg2 Rf2+ 57. Kg3 R8f3+ 58. Kg4 Rf4+ 59. Kg3 Rf7 60. Qg4+ R2f5 61. Qc4+ Kf6 62. Qc6+ Kg7 63. Qc3+ R7f6 64. Qc7+ Kg6 65. b4 Rg5+ 66.
Kh4 Rgf5 67. Qc2 h6 68. Qg2+ Rg5 69. Qb7 Rf4+ 70. Kh3 Rfg4 71. Qc6+ Kf5 72. Qd7+ Kf4 73. Qd6+ Kf3 74. Qd3+ Kf4 75. Qd2+ Ke5 76. Qe3+ Re4 77. Qc5+ Kf4 78. Qf2+ Ke5 79. Qc5+ Kf6 80. Qf8+ Ke5 81.
Qc5+ 1/2-1/2

[Event "*** Titled Tuesday Blitz"]
[Site "Chess.com"]
[Date "2021.02.02"]
[Round "10"]
[White "frederiksvane"]
[Black "Machidon"]
[Result "1-0"]
[WhiteElo "2753"]
[BlackElo "2560"]
[TimeControl "180+1"]
[EndTime "11:58:29 PST"]
[Termination "frederiksvane won by resignation"]

1. e4 c6 2. d4 d5 3. exd5 cxd5 4. Bd3 Nc6 5. c3 Qc7 6. Ne2 Bg4 7. O-O e6 8. Qe1 Bxe2 9. Qxe2 Bd6 10. f4 Nf6 11.
g3 h5 12. Nd2 h4 13. Nf3 hxg3 14. hxg3 O-O-O 15. Kg2 Ng4 16. Bd2 Rh6 17. f5 Rh5 18. fxe6 Re8 19. Rh1 Rxh1 20. Rxh1 fxe6 21. Ng5 Nf6 22.
Nxe6 Qf7 23. Bf5 Kb8 24. Re1 g6 25. Bh3 Ne4 26. Ng5 Qc7 27. Nxe4 Rxe4 28. Qf3 Rxe1 29. Bxe1 Qa5 30. a3 Qb5 31. b4 Ne7 32. Be6 Qc4 33. Bf2 Kc7 34. a4 Qa2 35. a5 a6 36. Qd3 Qb3 37.
Qf3 Qc4 38. Qe3 Qb3 39. Kf3 Qc4 40. Be1 Qb3 41. Qe2 Bxb4 42. Kg4 Bd6 43. Qd3 Nc6 44. Bd2 Ne7 45. Qf3 Qa3 46. Bg5 Qxa5 47. Bxe7 Bxe7 48.
Bxd5 Qa3 49. Bxb7 Qd6 50. Bd5 Qd7+ 51. Kf4 Qd6+ 52. Ke3 a5 53. Kd3 Qa6+ 54. Bc4 Qb6 55. Qd5 a4 56. Qe5+ Bd6 57. Qg7+ Kb8 58. Qg8+ Ka7 59. Qg7+ Qb7 60. Qxb7+ Kxb7 61. g4 a3 62. Ba2 Kb6 63. c4 Bb4 64. c5+ Kb5 65. Kc2 Be1 66. Kb3 Bf2 67. Kc3 Bg1 68. Bc4+ Kc6 69.
Bb3 g5 70. Kc4 Bf2 71. d5+ Kc7 72. Ba2 Bg1 73. Kb5 Bh2 74. d6+ Kb7 75. c6+ Kc8 76. Be6+ Kb8 77. c7+ Kb7 78. c8=Q+ 1-0

[Event "*** Titled Tuesday Blitz"]
[Site "Chess.com"]
[Date "2021.02.02"]
[Round "10"]
[White "Djager97"]
[Black "K_A_S_T_O_R"]
[Result "1-0"]
[WhiteElo "2602"]
[BlackElo "2723"]
[TimeControl "180+1"]
[EndTime "11:58:31 PST"]
[Termination "Djager97 won by resignation"]

1. e4 c5 2. Nf3 d6 3. d4 cxd4 4. Nxd4 Nf6 5. Nc3 a6 6. h3 e6 7. g4 h6 8. Be3 b5 9. Bg2 Bb7 10. a3 g5 11. Qe2 Nbd7 12. O-O-O Rc8 13. h4 Rxc3 14. bxc3 Rg8 15. hxg5 hxg5 16. Nb3 Qc7 17. Qd2 Nxe4 18. Bxe4 Bxe4 19. Rh3 d5 20. Bxg5 Nb6 21. Na5 Bxa3+ 22. Kb1 Bd6 23. Bf6 Nc4 24. Nxc4 bxc4 25. Qd4 e5 26. Qe3 Bc5 27. Qe2 Ba3 28. Ka2 Qa5 29.
Rxd5 Bxd5 30. Qxe5+ Kd7 31. Qf5+ Kc6 32. Rh6 Rb8 33.
Bd8+ Bd6+ 34. Bxa5 Rb5 35. Rxd6+ Kxd6 36. Bb4+ Kc6 37. Qc8+ Kb6 38. Qb8+ Kc6 39. Qd6+ Kb7 40. Qe7+ Kb6 41. Qd6+ Kb7 42. f4 a5 43. Bc5 Bc6 44. Qe7+ Kc8 45. Bd6 Bd7 46. Qxf7 Rb6 47. Qf8+ Kb7 48. Bc5 Rc6 49. Bd4 Re6 50. f5 Re2 51. Kb2 Ba4 52. Qd6 Rxc2+ 53. Ka3 Bb3 54. Qb6+ Kc8 55. Qxa5 Ra2+ 56. Kb4 Rxa5 57. Kxa5 Kd7 58. g5 Bc2 59. f6 Bg6 60. Kb6 Bf7 61. Kc5 Kc7 62.
g6 Bxg6 63. Kxc4 Kc6 64. Be5 Bf7+ 65. Kd4 Kb5 66. Ke4 Kc6 67. Kf5 Kd5 68. Bd4 Kd6 69. Kg5 Kd7 70. Kh6 Ke8 71. Kg7 Bc4 72. Kg6 Bd5 73. Kf5 Kd7 74. Ke5 Bf7 75. Be3 Kc6 76. Bd2 Kd7 77. Kd4 Kc6 78. c4 Be6 79. c5 Bf7 80. Bf4 Kd7 81. Be5 Kc6 82. Bd6 Kd7 83. Ke5 Bc4 84. Kf5 Bd5 85. Kg6 Ke8 86. c6 Bf7+ 87. Kg7 Bd5 88. c7 Kd7 89. f7 Bxf7 90.
Kxf7 Kc8 91. Ke7 1-0

[Event "*** Titled Tuesday Blitz"]
[Site "Chess.com"]
[Date "2021.02.02"]
[Round "10"]
[White "RD4ever"]
[Black "DamianoLew95"]
[Result "1-0"]
[WhiteElo "2838"]
[BlackElo "2594"]
[TimeControl "180+1"]
[EndTime "11:58:36 PST"]
[Termination "RD4ever won by resignation"]

1. d4 Nf6 2. c4 c6 3. Nf3 d5 4.
Qb3 dxc4 5. Qxc4 Bf5 6. g3 e6 7. Bg2 Be7 8. O-O O-O 9. e3 Nbd7 10. Rd1 Rc8 11. Qe2 h6 12. Nc3 Ne4 13. Ne1 Nxc3 14.
bxc3 Bg6 15. e4 Qa5 16. Bd2 e5 17. Nd3 Qa6 18. Re1 Bf6 19. Be3 Rfe8 20. f3 exd4 21. Bxd4 Rcd8 22. Nf4 Qxe2 23. Rxe2 Bh7 24. Rb1 b6 25.
Nh5 Be5 26. Bh3 g6 27. Bxd7 Rxd7 28. Nf6+ Bxf6 29. Bxf6 g5 30. Rbe1 Re6 31. e5 Rd3 32. Re3 Rd2 33. R1e2 Rd1+ 34. Re1 Rd2 35. R1e2 Rd1+ 36.
Kg2 Bd3 37. Rf2 Bc4 38. h4 g4 39. fxg4 Bd5+ 40. Rff3 Rd2+ 41. Kh3 Bxf3 42. Rxf3 Kh7 43. a4 a5 44. c4 Rd4 45. Rb3 c5 46. Rc3 Re4 47.
h5 R6xe5 48. Bxe5 Rxe5 49. Rb3 Re6 50. Kg2 Kg7 51. Kf3 Kf6 52. Kf4 Rd6 53. Re3 Rd4+ 54.
Re4 Rd3 55. Re8 Rc3 56. Re4 Rc1 57. Ke3 Re1+ 58. Kf4 Rf1+ 59. Ke3 Rg1 60. Rf4+ Ke6 61. Kf2 Rc1 62. Ke3 Rc3+ 63. Kf2 Ra3 64. Re4+ Kd6 65. Rf4 Ke7 66. Re4+ Kf8 67. g5 hxg5 68. Re5 Kg7 69.
Rxg5+ Kh6 70. Rf5 Rxa4 71. g4 Rxc4 72. Kg3 Rc3+ 73. Kh4 Rc1 74. Rxf7 Rh1+ 75. Kg3 Rg1+ 76. Kh3 Rh1+ 77. Kg2 Rd1 78. Rf6+ Kg7 79. Rg6+ Kh7 80. Rxb6 Rd2+ 81. Kg3 c4 82. Rc6 Rd3+ 83. Kf4 c3 84. g5 Rd4+ 85. Kf5 Rd5+ 86. Kf6 c2 87. Rc7+ Kg8 88.
Rxc2 Rd6+ 89. Ke5 1-0

[Event "*** Titled Tuesday Blitz"]
[Site "Chess.com"]
[Date "2021.02.02"]
[Round "10"]
[White "Sharpchess22"]
[Black "LisikValera"]
[Result "1-0"]
[WhiteElo "2681"]
[BlackElo "2479"]
[TimeControl "180+1"]
[EndTime "11:58:43 PST"]
[Termination "Sharpchess22 won on time"]

1. d4 d5 2. Nf3 Nf6 3. Bf4 Bf5 4. c4 e6 5. cxd5 exd5 6. Qb3 Nc6 7. a3 Na5 8. Qa4+ c6 9. Nc3 Nc4 10. Qb3 Qb6 11. Qxb6 axb6 12. O-O-O b5 13. Nh4 Be4 14.
f3 b4 15. Nxe4 dxe4 16. e3 b5 17. axb4 Bxb4 18. Bxc4 bxc4 19. Nf5 O-O 20. Be5 c3 21. bxc3 Bxc3 22. Kc2 Ra3 23. Bxf6 gxf6 24. fxe4 c5 25.
dxc5 Be5 26. Rd3 Ra2+ 27. Kb3 Rxg2 28. Rhd1 Rb8+ 29. Kc4 Rc2+ 30. Kd5 Rb5 31. Kc6 Rcxc5+ 32. Kd7 Kf8 33. Nd6 Rb6 34. Ra3 Rbc6 35. Ra8+ Kg7 36.
Rg1+ Kh6 37. Nxf7+ Kh5 38. Nxe5 fxe5 39. Rag8 Rg6 40.
R8xg6 hxg6 41. Ke6 Rc3 42. Kxe5 Rxe3 43. Rg3 Re2 44.
h3 g5 45. Kf6 Rf2+ 46. Ke6 Kh4 47. Rd3 Re2 48. Kf5 Rf2+ 49. Kg6 Re2 50. Rd4 Rg2 51.
e5+ Kxh3 52. Re4 g4 53. e6 Ra2 54. e7 Ra8 55. Kg5 g3 56. Re3 Kh2 57. Kg4 g2 58. Re2 Kh1 59. e8=Q Rxe8 60. Rxe8 g1=Q+ 61. Kf5 Qf1+ 62. Ke6 Qe2+ 63. Kf7 Qf3+ 64. Ke7 Qe4+ 65. Kf7 Qf5+ 66.
Ke7 Qc5+ 67. Kf7 Kg2 68. Re6 Kf3 69. Rf6+ Ke4 70. Kg7 Ke5 71. Rf7 Qg1+ 72. Kf8 Qc5+ 73. Kg7 Qd4 74. Rf6 Qg4+ 75. Kf7 Qh5+ 76. Kg7 Qg5+ 77.
Rg6 Qe7+ 78. Kh6 Kf5 79. Rg2 Qd6+ 80. Kh7 Qd7+ 81. Kh8 Qd8+ 82. Kh7 Qc7+ 83. Rg7 Qc2 84. Kg8 Kf6 85. Rf7+ Ke6 86. Kf8 Qg2 87. Rg7 1-0

[Event "*** Titled Tuesday Blitz"]
[Site "Chess.com"]
[Date "2021.02.02"]
[Round "10"]
[White "SaraciNderim"]
[Black "esapunov"]
[Result "1/2-1/2"]
[WhiteElo "2813"]
[BlackElo "2632"]
[TimeControl "180+1"]
[EndTime "11:58:48 PST"]
[Termination "Game drawn - timeout vs insufficient material"]

1. d4 Nf6 2. Nf3 g6 3. Bg5 Bg7 4. e3 O-O 5. Nbd2 d5 6. c4 c5 7.
cxd5 cxd4 8. exd4 Nxd5 9. Bc4 Nc6 10. O-O Bf5 11. Re1 Rc8 12. Nb3 Ncb4 13. Bxd5 Nxd5 14. Rc1 Qd6 15. Qe2 Rc7 16. Rxc7 Qxc7 17. Rc1 Qd6 18. Bh4 b6 19. Bg3 Qb4 20. Be5 f6 21. Bg3 Qa4 22.
Qc4 Qxc4 23. Rxc4 g5 24. Nfd2 Kf7 25. a4 Rc8 26. Rxc8 Bxc8 27. Bb8 a5 28. Ba7 Ba6 29. Nc1 Ke6 30. Ne4 g4 31. Nc3 Bh6 32. N1a2 Bc4 33.
Nxd5 Kxd5 34. Nc3+ Kxd4 35. Bxb6+ Kd3 36. Bxa5 Bb3 37.
Bb4 e5 38. a5 Bc4 39. Ba3 Bc1 40. Na4 Bb5 41. Nc5+ Kc4 42. a6 Bc6 43. Nb7 Kb5 44.
Nd8 Bd5 45. a7 Ka6 46. Be7 f5 47. b4 Kxa7 48. Bd6 Kb6 49. Bxe5 Bg5 50. Bd4+ Kb5 51. h3 h5 52. hxg4 hxg4 53. Kh2 Bxd8 54. Kg3 Kc4 55. Be5 Bg5 56. f3 gxf3 57. gxf3 Kxb4 58. f4 Be7 59. Bc7 Kc4 60. Be5 Kd3 61. Kf2 Ke4 62. Kg3 Bb4 63. Kh4 Be7+ 64. Kh5 Bf7+ 65. Kh6 Bh4 66. Kg7 Bd5 67. Kg6 Bc6 68. Bd6 Bf2 69. Kg5 Bd7 70.
Bc7 Kf3 71. Bb8 Kg2 72. Be5 Kh3 73. Bd6 Bh4+ 74. Kh5 Be8+ 75. Kh6 Kg4 76. Kg7 Bg3 77. Kf8 Bb5 78. Ke7 Bxf4 79. Bc5 Be5 80. Ke6 Bc3 81.
Bd6 f4 82. Bxf4 Kxf4 83. Kd5 Bd3 84. Kc5 Ke5 85. Kc6 Bd4 86. Kd7 Bc4 87. Ke7 Bd5 88. Kd7 Bc5 89. Kc7 Ke6 90. Kc8 Ke7 91. Kc7 1/2-1/2

[Event "*** Titled Tuesday Blitz"]
[Site "Chess.com"]
[Date "2021.02.02"]
[Round "10"]
[White "JAAC2002"]
[Black "MaevskiyNikolay"]
[Result "0-1"]
[WhiteElo "2498"]
[BlackElo "2584"]
[TimeControl "180+1"]
[EndTime "11:59:02 PST"]
[Termination "MaevskiyNikolay won on time"]

1. e4 c5 2. Nf3 Nf6 3. e5 Nd5 4.
g3 d6 5. Bg2 Nc6 6. exd6 Qxd6 7. O-O Bg4 8. h3 Bh5 9. c4 Ndb4 10. Nc3 e6 11. d4 cxd4 12. Nb5 Qd8 13. g4 Bg6 14. Bf4 Rc8 15. Qa4 Nd3 16. Bg3 Nc5 17. Qd1 d3 18. Nh4 a6 19. Nxg6 hxg6 20. Nc3 Be7 21.
Qf3 Nd4 22. Qf4 Ne2+ 23. Nxe2 dxe2 24. Rfb1 Nd3 25. Qe4 e1=Q+ 26. Rxe1 Nxe1 27. Rxe1 O-O 28. Qxb7 Rxc4 29. Qxa6 Rc2 30. b3 Bc5 31. Be4 Qd2 32.
Bxc2 Qxe1+ 33. Qf1 Qc3 34. Qd3 Qa1+ 35. Bb1 Qb2 36.
Qc2 Qd4 37. Kg2 Rd8 38. Qe4 Qc3 39. Be5 Qd2 40. Bg3 Kh7 41. h4 Kg8 42. h5 Qd5 43.
hxg6 Qxe4+ 44. Bxe4 fxg6 45. Bxg6 Rd2 46. a4 Rb2 47. a5 Rxb3 48. Be4 Ra3 49. Bc6 Rxa5 50. Bd7 Kf7 51. Bc6 Ke7 52. Be4 Ra2 53. Kf3 Ra3+ 54.
Kg2 Bd6 55. Bh4+ Kd7 56. Bg5 Ra4 57. Bf3 Rb4 58. Be3 Rb3 59. Be4 Ke7 60. Kf3 Bc5 61. Kf4 Bxe3+ 62. fxe3 Rb4 63. Kf3 g5 64. Bd3 Kf6 65.
Be4 Ke5 66. Bg6 Rb3 67. Bc2 Rc3 68. Bg6 Kd5 69. Bf7 Ra3 70. Bg6 Kc5 71. Bf7 Kd6 72.
Bg6 Ke7 73. Be4 Kf6 74. Bc2 Ra7 75. Be4 Rc7 76. Bd3 Rc8 77. Be4 Rh8 78. Kg3 Ke5 79. Bc6 Rf8 80. Bd7 Kd6 81. Bb5 Kc5 82. Bd7 Rf6 83.
Ba4 Kc4 84. Bc2 Kc3 85. Bh7 Kd2 86. e4 Rf4 87. Bg6 Ke3 88. Kg2 e5 89. Bf5 Rxe4 90. Bxe4 Kxe4 91. Kg3 Ke3 92. Kg2 Kf4 0-1

[Event "*** Titled Tuesday Blitz"]
[Site "Chess.com"]
[Date "2021.02.02"]
[Round "10"]
[White "Alexsur1981"]
[Black "horripile"]
[Result "1/2-1/2"]
[WhiteElo "2847"]
[BlackElo "2728"]
[TimeControl "180+1"]
[EndTime "11:59:10 PST"]
[Termination "Game drawn - insufficient material"]

1. e4 c5 2. Nc3 Nc6 3. Bb5 Nd4 4. Nf3 a6 5. Bd3 Nc6 6. O-O e6 7. e5 d5 8. exd6 Bxd6 9. Ne4 Be7 10. b3 Nf6 11.
Bb2 O-O 12. Re1 b6 13. Nfg5 Nxe4 14. Bxe4 Bxg5 15. Bxc6 Ra7 16. d3 Bf6 17. Bxf6 Qxf6 18. Qe2 Bb7 19. Qe4 Qe7 20. a4 Rd8 21. h3 g6 22. Re2 Rd4 23. Qf3 Qc7 24. Bxb7 Rxb7 25.
g3 Rb8 26. h4 h5 27. Rae1 Rbd8 28. Qf6 R8d6 29. Re4 Qd8 30. Qf4 R4d5 31. Re5 Rxe5 32.
Rxe5 a5 33. Re4 Rd5 34. Qe3 Kg7 35. Kg2 Qd6 36. Qe2 Qc6 37. f3 Qd6 38. Qe1 Kg8 39. Qe3 Kg7 40. Qe2 Kg8 41. Qe1 Kg7 42. Kf2 Kg8 43. Kf1 Kg7 44. Qc3+ Kg8 45. Kf2 Rf5 46. Qd2 Rd5 47. Qe3 Kg7 48. f4 Kg8 49. Ke2 Kg7 50. c3 Qc6 51. Kd2 Rd6 52. Kc2 Qd5 53. Qe2 Kg8 54.
d4 Rc6 55. c4 cxd4 56. Kd3 Qf5 57. Kxd4 Rd6+ 58. Kc3 Qc5 59. Kc2 Qa3 60. Qe1 Qa2+ 61. Kc3 Qa3 62. Re2 Qb4+ 63. Kc2 Qa3 64. Qc3 Qa2+ 65. Qb2 Qxb2+ 66. Kxb2 Rd3 67. Rg2 Kf8 68. Kc2 Rf3 69. Rg1 Ke7 70. Kb2 Kd6 71. Rd1+ Kc6 72.
Rg1 Kc5 73. Kc2 Kb4 74. Rd1 Rf2+ 75. Kd3 Rf3+ 76. Ke4 Rxb3 77. Rd7 Kxa4 78. Rxf7 Rxg3 79. Rf6 Kb4 80. Rxe6 a4 81. Rxb6+ Kxc4 82. Ra6 Kb5 83. Ra8 Rg4 84. Kd5 Rxf4 85. Rb8+ Ka6 86. Kc6 Rc4+ 87. Kd5 Rxh4 88. Kc5 Ka7 89. Rb5 Rg4 90. Kc6 Rc4+ 91. Kd5 Rc7 92. Ra5+ Kb6 93. Rxa4 Re7 94. Ra8 Rc7 95.
Rb8+ Rb7 96. Rg8 Rh7 97. Rxg6+ Kb5 98. Rg3 h4 99. Rb3+ Ka4 100. Rh3 Rh8 101. Ke5 Rh7 102. Kf4 Kb5 103. Kg4 Rh8 104. Rxh4 Rxh4+ 105. Kxh4 1/2-1/2